 Dungeon Crawl Stone Soup version 0.26-b1-32-g5d43845318 (webtiles) character file.

Game seed: 14307074346737123664

33 Borgoz the Cudgeller (level 3, -5/30 HPs)
             Began as a Ghoul Gladiator on Jan 13, 2021.
             Slain by a kobold
             ... wielding a +0 short sword
              (7 damage)
             ... on level 2 of the Dungeon.
             The game lasted 00:01:20 (1159 turns).

Borgoz the Cudgeller (Ghoul Gladiator)              Turns: 1159, Time: 00:01:20

Health: -5/30      AC:  4    Str: 17    XL:     3   Next: 29%
Magic:  2/2        EV: 11    Int:  3    God:
Gold:   157        SH:  3    Dex: 11    Spells: 2/2 levels left

rFire    . . .     SeeInvis .   a - +0 flail
rCold    + . .     Faith    .   i - +0 buckler
rNeg     + + +     Spirit   .   b - +0 leather armour
rPois    ∞         Reflect  .   c - +0 helmet
rElec    .         Harm     .   (no cloak)
rCorr    +         Rampage  .   (no gloves)
Will     .....                  (no boots)
Stlth    +.........             n - amulet of inaccuracy (curse)
HPRegen  0.00/turn              g - ring of resist corrosion
MPRegen  0.08/turn              (no ring)

@: hasted, very quick
A: claws 1, cold resistance 1, negative energy resistance 3, inhibited
regeneration, torment resistance, unbreathing
a: no special abilities


You were on level 2 of the Dungeon.
You visited 1 branch of the dungeon, and saw 2 of its levels.

You collected 157 gold pieces.

Inventory:

Hand Weapons
 a - a +0 flail (weapon)
Missiles
 d - 3 throwing nets (quivered)
Armour
 b - a +0 leather armour (worn)
 c - a +0 helmet (worn)
 i - a +0 buckler (worn)
Jewellery
 g - a ring of resist corrosion (left claw)
 n - a cursed amulet of inaccuracy (around neck)
Potions
 h - a potion of haste
 l - a potion of brilliance {unknown}


   Skills:
 * Level 2.7 Fighting
 * Level 3.0 Maces & Flails
 - Level 1.7 Throwing
 * Level 1.1 Armour
 * Level 3.0 Dodging


You had 2 spell levels left.
You didn't know any spells.
Your spell library was empty.

Dungeon Overview and Level Annotations

Branches:
Dungeon (2/15)

Altars:
Nemelex Xobeh

Annotations:
D:2 Terence


Innate Abilities, Weirdness & Mutations

You thrive by killing the living.
You are immune to poison.
You have sharp fingernails.
Your flesh is cold resistant. (rC+)
You are immune to negative energy. (rN+++)
You do not regenerate when monsters are visible.
You are immune to unholy pain and torment.
You can survive without breathing.


Message History

You cannot raise a blood rage in your lifeless body.
The leopard gecko bites you but does no damage.
The kobold hits you with a +0 short sword.
* * * LOW HITPOINT WARNING * * *
The leopard gecko hisses menacingly.
The leopard gecko barely misses you.
The kobold hits you with a +0 short sword.
* * * LOW HITPOINT WARNING * * *
You see here a stone.
It was a potion of haste.
You feel yourself speed up. The leopard gecko misses you.
You closely miss the leopard gecko. The leopard gecko bites you.
* * * LOW HITPOINT WARNING * * *
You hit the leopard gecko.
You kill the leopard gecko!
You barely miss the kobold. The kobold hits you but does no damage.
You miss the kobold. You block the kobold's attack.
You barely miss the kobold.
The kobold hits you with a +0 short sword!
You die...

....... .#
....... ##.#
....... ...#
....... #..#
.....[. #..#
.......###..#
#..(##..#
###K##..#
#@....# #
...#
......†.....#
##...#
........#####
.......
.⌠..(...#
........
_.......#
........
.⌠.######
............
...........
.........


You could see a kobold.

Vanquished Creatures
  An adder (D:2)
  2 leopard geckos (D:2)
  A giant cockroach (D:2)
  A goblin (D:1)
  3 hobgoblins
  2 jackals (D:1)
  2 kobolds (D:1)
  3 bats
  2 frilled lizards (D:2)
  5 rats
22 creatures vanquished.

Notes
Turn   | Place    | Note
-------+----------+-------------------------------------------
     0 | D:1      | Borgoz the Ghoul Gladiator began the quest for the Orb.
     0 | D:1      | Reached XP level 1. HP: 17/17 MP: 0/0
   259 | D:1      | Reached XP level 2. HP: 18/25 MP: 1/1
   913 | D:2      | Reached skill level 1 in Armour
   913 | D:2      | Reached XP level 3. HP: 12/30 MP: 2/2
  1114 | D:2      | Noticed Terence
  1118 | D:2      | Found a sparkling altar of Nemelex Xobeh.
  1159 | D:2      | Slain by a kobold

Illustrated notes

Levels and vault maps discovered:
D:1:      amcnicky_arrival_abandoned_market, layout_loops_ring
D:2:      layout_basic, nemelex_xobeh_ov_fountains_minmay, uniq_terence

Skill      XL: |  1  2 |
---------------+-------+-----
Maces & Flails | 3 |  3.0
Armour         | 1 |  1.1
Dodging        | 3 |  3.0
Fighting       | |  2.7
Throwing       | |  1.7

Action                   || total
-------------------------++-------
Melee: Flail             ||    97
  Use: Scroll            ||     4
       Potion            ||     2
Armor: Leather armour    ||    30
Dodge: Dodged            ||    70
Block: Buckler           ||    14
